 Dungeon Crawl Stone Soup version 0.29-a0-270-g1586fc07ea (webtiles) character file.

Game seed: 9908538220900240455

30526 namelastname112 the Covert (level 13, -3/100 HPs)
             Began as a White Draconian Brigand on Mar 7, 2022.
             Was an Elder of Dithmenos.
             Slain by a cyan ugly thing (16 damage)
             ... on level 13 of the Dungeon.
             The game lasted 00:32:02 (19743 turns).

namelastname112 the Covert (DrBr)                  Turns: 19743, Time: 00:32:02

Health: -3/100     AC: 12    Str: 18    XL:     13   Next: 21%
Magic:  27/27      EV: 17    Int: 12    God:    Dithmenos [****..]
Gold:   795        SH:  6    Dex: 21    Spells: 12/12 levels left

rFire   . . .      SeeInvis .   x - +7 dagger "Ipreboam" {flame, MP+9}
rCold   + + .      Faith    .   B - +0 buckler
rNeg    . . .      Spirit   .   (body armour unavailable)
rPois   .          Reflect  .   (helmet restricted)
rElec   .          Harm     .   Q - scarf {shadows}
rCorr   +          Rampage  .   J - +2 pair of gloves {Str+3}
Will    +....                   n - +0 pair of boots
Stlth   ++++++++..              y - amulet "Fuplutig" {Acrobat Dex+3}
HPRegen 0.26/turn               p - ring of resist corrosion
MPRegen 0.20/turn               N - ring of protection from cold

@: wreathed by umbra
A: breathe frost, AC +8, unfitting armour, cold resistance 1, cold-blooded,
frail 1, strong-willed 1, strong 1
a: Breathe Frost, Renounce Religion, Shadow Step


You were on level 13 of the Dungeon.
You worshipped Dithmenos.
Dithmenos was greatly pleased with you.
You visited 2 branches of the dungeon, and saw 14 of its levels.
You visited the Abyss 1 time.
You also visited: Gauntlet.

You collected 988 gold pieces.
You spent 193 gold pieces at shops.

Inventory:

Hand Weapons
 a - a +3 dagger of flaming
 o - a +1 short sword of electrocution
 x - the +7 dagger "Ipreboam" (weapon) {flame, MP+9}
   (You found it on level 4 of the Dungeon)

   It burns those it strikes, dealing additional fire damage.
   MP:        It affects your magic capacity (+9).
 K - the +8 Wrath of Trog {antimagic, *Rage Rampage}
   (You found it in a Gauntlet)

   It reduces the magical energy of the wielder, and disrupts the spells and
   magical abilities of those it strikes.
   Natural abilities and divine invocations are not affected.
   It causes slowness and exhaustion when equipped.
   It extends the wielder's berserk rage when killing foes.
   *Rage:     It berserks you when you make melee attacks (+50% chance).
   Rampage:   It bestows one free step when moving towards enemies.
 P - a +0 double sword
Missiles
 c - 21 poisoned darts
 d - 3 curare-tipped darts
 h - a throwing net (quivered)
 L - 5 javelins
Armour
 f - a +1 cloak of poison resistance
 n - a +0 pair of boots (worn)
 B - a +0 buckler (worn)
 J - a +2 pair of gloves of strength (worn)
 Q - a scarf of shadows (worn)
Jewellery
 b - an amulet of magic regeneration
 p - a ring of resist corrosion (left hand)
 y - the amulet "Fuplutig" (around neck) {Acrobat Dex+3}
   (You bought it in a shop on level 6 of the Dungeon)

   [amulet of the acrobat]

   It increases your evasion while moving and waiting.
   Dex:       It affects your dexterity (+3).
 H - an amulet of regeneration
 N - a ring of protection from cold (right hand)
Wands
 u - a wand of iceblast (18)
 v - a wand of digging (6)
 w - a wand of flame (40)
 O - a wand of paralysis (3)
Scrolls
 g - 7 scrolls of identify
 k - 2 scrolls of magic mapping
 l - 5 scrolls of fog
 m - 4 scrolls of enchant armour
 q - 3 scrolls of brand weapon
 C - 2 scrolls of fear
 D - 2 scrolls of enchant weapon
 F - a scroll of amnesia
 G - 10 scrolls of teleportation
 M - a scroll of silence
Potions
 e - 4 potions of heal wounds
 j - 2 potions of flight
 r - 2 potions of cancellation
 s - a potion of resistance
 t - a potion of attraction
 z - 5 potions of curing
 A - a potion of brilliance
 E - a potion of haste
 I - a potion of lignification
 R - 2 potions of ambrosia {unknown}
Miscellaneous
 i - a box of beasts


   Skills:
 + Level 9.7 Fighting
 + Level 10.8 Short Blades
 + Level 7.4 Throwing
 + Level 8.1 Dodging
 + Level 11.5 Stealth
 + Level 6.5 Shields
 + Level 6.8 Invocations
 - Level 0.2 Evocations


You had 12 spell levels left.
You didn't know any spells.
Your spell library contained the following spells:

 Spells                   Type           Power      Damage    Failure   Level
 Animate Skeleton         Necr           0%         N/A       38%         1
 Magic Dart               Conj           0%         1d3       38%         1
 Pain                     Necr           0%         1d4       38%         1
 Corpse Rot               Necr/Air       0%         N/A       54%         2
 Poisonous Vapours        Pois/Air       0%         N/A       54%         2
 Searing Ray              Conj           0%         2d4       54%         2
 Frozen Ramparts          Ice            0%         1d2       77%         3
 Gell's Gravitas          Tloc           0%         N/A       77%         3
 Teleport Other           Tloc           0%         N/A       77%         3
 Vampiric Draining        Necr           0%         2d6       77%         3
 Fulminant Prism          Conj/Hex       0%         3d6       99%         4
 Ice Form                 Ice/Tmut       0%         N/A       99%         4
 Summon Ice Beast         Ice/Summ       0%         N/A       99%         4
 Dispersal                Tloc           0%         N/A       100%        6


Dungeon Overview and Level Annotations

Branches:
Dungeon (13/15)            Temple (1/1) D:7            Lair (0/6) D:11
    Orc (0/2) D:9         Gauntlet (visited)
 Vaults: D:13-14

Altars:
Cheibriados
Dithmenos
Elyvilon
Fedhas
Gozag
Hepliaklqana
Makhleb
Qazlal
Ru
Sif Muna
Wu Jian
Xom
Yredelemnul
The Shining One
Beogh

Shops:
D:4 =   D:6 *

Annotations:
D:7 3 runed translucent doors, Crownlay's ghost, novice GrEE; NigelTetley's ghost, novice DECj


Innate Abilities, Weirdness & Mutations

You can breathe waves of freezing cold which knock back foes.
Your icy white scales are hard. (AC +8)
You cannot fit into any form of body armour.
Your flesh is cold resistant. (rC+)
You are cold-blooded and may be slowed by cold attacks.
You are frail. (-10% HP)
You are strong-willed. (Will+)
Your muscles are strong. (Str +2)


Message History

A cyan ugly thing comes into view!
Throw: 23 darts (poison)
Press: ? - help, Q - select action, (/) - cycle Shift-Dir - straight line, f/p - cyan ugly thing
Aim: a cyan ugly thing (heavily wounded, very poisoned, umbra, 69% to hit)
You throw a poisoned dart!
The poisoned dart barely misses the cyan ugly thing!
The cyan ugly thing attacks as you move away!!!
The cyan ugly thing punches you!!! The cyan ugly thing shocks you!!!
Found 10 stones!
The cyan ugly thing misses you!
You take 29 damage, and have 40/100 hp!
MASSIVE DAMAGE!!!!!!
Found an agate ring!
The cyan ugly thing attacks as you move away!!!
The cyan ugly thing misses you!
The cyan ugly thing attacks as you move away!!!
The cyan ugly thing closely misses you!
You have got your breath back!
The cyan ugly thing attacks as you move away!!!
The cyan ugly thing punches you but does no damage!
Throw: 22 darts (poison)
Press: ? - help, Q - select action, (/) - cycle Shift-Dir - straight line, f/p - cyan ugly thing
Aim: a cyan ugly thing (severely wounded, very poisoned, umbra, 69% to hit)
You throw a poisoned dart!
The poisoned dart hits the cyan ugly thing!!!
The cyan ugly thing looks as sick as possible!!!
The cyan ugly thing is severely wounded!
The cyan ugly thing closely misses you!
The cyan ugly thing attacks as you move away!!!
The cyan ugly thing punches you!
The cyan ugly thing shocks you!!! * * * don't die
* * * You take 20 damage, and have 22/100 hp!
You see here a +0 shortbow!
Throw: 2 throwing nets
Press: ? - help, Q - select action, (/) - cycle Shift-Dir - straight line, f/p - cyan ugly thing
Aim: a cyan ugly thing (heavily wounded, extremely poisoned, umbra, 69% to hit)
You throw a throwing net!
The throwing net completely misses the cyan ugly thing!
The cyan ugly thing punches you!!! * * * don't die
* * * The cyan ugly thing shocks you!!! rip

#.###......).....##........(#
#...#.#.#........##........(#
###.#.#.###.#....#######.##(#
....#.#.# #.#....# #.##(#
#####...# #.#....# #.##.#
......#.###.#....#### #.##.# ###
....#...........)...# #.##.#(...
##..............).#.####.##..####
#####..........@u.(..(..........
#......<...##.####..........
############### #..........
#.......... #..........
##......... ##=..##...


You could see a cyan ugly thing (extremely poisoned).

Vanquished Creatures
  A minotaur (Gauntlet)
  The ghost of Cupehed the Destroyer, a journeyman DsFE of Gozag (D:12)
  3 hydras
  4 centaur warriors (D:13)
  5 boulder beetles
  2 two-headed ogres
  2 tengu warriors (D:13)
  Nergalle (D:10)
  Pikel (D:6)
  An orc knight (D:12)
  A manticore (D:13)
  A deep elf pyromancer (D:13)
  A worldbinder (Gauntlet)
  4 ugly things
  Maurice (D:9)
  3 cyclopes
  A torpor snail (Gauntlet)
  An unseen horror (D:12)
  3 kobold demonologists (D:12)
  2 trolls
  A queen bee (shapeshifter) (D:13)
  A shadow (D:11)
  A centaur simulacrum (Gauntlet)
  A wraith (D:12)
  4 yaks
  A vampire (D:11)
  4 vampire mosquitoes (D:10)
  5 steam dragons
  Menkaure (D:7)
  A warg (D:12)
  3 water moccasins
  4 acid dragons
  A meliai simulacrum (Gauntlet)
  2 ice beasts
  A sky beast (D:7)
  15 orc warriors
  6 ogres
  2 black bears
  2 boggarts (Gauntlet)
  12 centaurs
  6 wolves (Gauntlet)
  4 phantoms
  5 kobold brigands
  10 bullfrogs
  3 gnoll sergeants
  4 scorpions
  4 necrophages
  13 wights
  6 killer bees
  8 howler monkeys
  A wyvern simulacrum (Gauntlet)
  7 hounds
  5 orc priests
  2 gnoll shamans
  Crazy Yiuf (D:5)
  6 jellies
  Jessica (D:3)
  5 iguanas
  11 orc wizards
  A hound skeleton (D:6)
  26 gnolls
  7 adders
  3 shadow imps
  A white imp (D:7)
  2 ufetubi
  3 worms (D:3)
  4 dart slugs
  45 orcs
  8 ball pythons
  5 bats (D:1)
  9 endoplasms
  A giant cockroach (D:2)
  4 goblins
  4 hobgoblins
  15 kobolds
  4 quokkas
  6 frilled lizards
  9 rats
366 creatures vanquished.

Vanquished Creatures (others)
  4 kobolds (D:9)
  3 demonic plants (Gauntlet)
  7 fungi
  33 plants
  6 withered plants (D:7)
53 creatures vanquished.

Grand Total: 419 creatures vanquished

Notes
Turn   | Place    | Note
-------+----------+-------------------------------------------
     0 | D:1      | namelastname112 the Draconian Brigand began the quest for
                  | the Orb.
     0 | D:1      | Reached XP level 1. HP: 17/17 MP: 1/1
     1 | D:1      | epen: Типа
     1 | D:1      | epen: Ебаные русские
     1 | D:1      | epen: Идите нахуй
     1 | D:1      | epen: И т.д.
    33 | D:1      | Reached skill level 1 in Dodging
   162 | D:1      | Reached XP level 2. HP: 18/25 MP: 2/2
   249 | D:1      | epen: я вот считаю
   375 | D:1      | epen: надо китайский нахуй учить
   380 | D:1      | Reached skill level 4 in Stealth
   484 | D:1      | namelastname112: ну он говорят несложный
   709 | D:1      | Reached XP level 3. HP: 30/30 MP: 3/3
  1652 | D:3      | Noticed Jessica
  1655 | D:3      | Killed Jessica
  1656 | D:3      | Reached XP level 4. HP: 37/37 MP: 4/4
  2910 | D:3      | Reached skill level 5 in Stealth
  2910 | D:3      | Reached XP level 5. HP: 38/42 MP: 5/5
  3202 | D:3      | Found a faded altar of an unknown god.
  3430 | D:4      | Found Wuvvanwio's Jewellery Shop.
  3439 | D:4      | epen: ебать
  3450 | D:4      | epen: умное кольцо
  3473 | D:4      | namelastname112: дык они теперь вроде
  3473 | D:4      | namelastname112: только +6 или -6
  3478 | D:4      | epen: ну
  3493 | D:4      | epen: там на протект был +4
  3675 | D:4      | Reached XP level 6. HP: 51/51 MP: 6/6
  3762 | D:4      | Identified the +7 dagger "Ipreboam" {flame, MP+9}
  3838 | D:4      | epen: ого
  3997 | D:4      | epen: какашек поел
  4019 | D:4      | epen: А че не элек?
  4025 | D:4      | epen: а?
  4057 | D:4      | epen: А?
  4187 | D:4      | namelastname112: жаль, да
  4242 | D:5      | Entered Level 5 of the Dungeon
  4281 | D:5      | epen: бля
  4297 | D:5      | epen: лучше б сапоги зачантил
  4303 | D:5      | Your scales start taking on an icy white colour.
  4303 | D:5      | Reached XP level 7. HP: 53/58 MP: 7/7
  4303 | D:5      | Gained mutation: Your flesh is cold resistant. (rC+) [White
                  | Draconian growth]
  4344 | D:5      | Found a runed translucent door.
  4345 | D:5      | epen: Сейчас клоков разных до пизды
  4345 | D:5      | Noticed Crazy Yiuf
  4354 | D:5      | Killed Crazy Yiuf
  4367 | D:5      | epen: А ты это
  4367 | D:5      | epen: Слыш
  4465 | D:5      | Reached skill level 6 in Stealth
  4483 | D:5      | epen: Типа белая сила?
  4496 | D:5      | epen: хули ты такой белый
  4842 | D:5      | Reached skill level 5 in Short Blades
  4958 | D:5      | Reached XP level 8. HP: 66/66 MP: 8/8
  5020 | D:5      | Reached skill level 7 in Stealth
  5782 | D:6      | Noticed Pikel
  5807 | D:6      | Killed Pikel
  5808 | D:6      | Reached skill level 5 in Fighting
  5808 | D:6      | Reached XP level 9. HP: 32/74 MP: 9/9
  6067 | D:6      | Found Rinuraode's Assorted Antiques.
  6090 | D:6      | Bought a scroll labelled WEJAST ZAENONAFF for 28 gold
                  | pieces
  6090 | D:6      | Bought a flickering iron amulet for 140 gold pieces
  6090 | D:6      | Identified the amulet "Fuplutig" {Acrobat Dex+3} (You
                  | bought it in a shop on level 6 of the Dungeon)
  6090 | D:6      | Bought a coppery potion for 25 gold pieces
  6288 | D:6      | Found a burning altar of Makhleb.
  6528 | D:6      | Reached skill level 8 in Stealth
  6796 | D:7      | Reached skill level 5 in Dodging
  6850 | D:7      | Found a staircase to the Ecumenical Temple.
  6888 | D:7      | Noticed Menkaure
  6913 | Temple   | Entered the Ecumenical Temple
  7087 | Temple   | Became a worshipper of Dithmenos the Shadowed
  7187 | D:7      | Found the +4 robe of Augmentation {Str+4 Int+4 Dex+4}
  7205 | D:7      | epen: глупый дракон
  7272 | D:7      | epen: Как ты можешь быть стелсовым
  7275 | D:7      | Killed Menkaure
  7446 | D:7      | epen: если ты белый
  7487 | D:7      | Reached XP level 10. HP: 84/84 MP: 10/10
  7518 | D:7      | Reached * piety under Dithmenos
  7531 | D:7      | Found a runed translucent gate.
  7531 | D:7      | Found a runed translucent gate.
  7531 | D:7      | Found a runed translucent gate.
  7531 | D:7      | Noticed Crownlay's ghost (novice GrEE)
  7532 | D:7      | Noticed NigelTetley's ghost (novice DECj)
  7669 | D:7      | Reached skill level 9 in Stealth
  7786 | D:7      | Noticed a red ugly thing
  7793 | D:7      | epen: F
  7796 | D:7      | epen: Да
  7852 | D:7      | epen: Они теперь такие
  8168 | D:7      | Killed a red ugly thing
  9080 | D:8      | Noticed a five-headed hydra
  9083 | D:8      | Killed a five-headed hydra
  9084 | D:8      | Reached skill level 1 in Invocations
  9110 | D:8      | epen: Орки, конечно, суровые пиздец стали
  9120 | D:8      | epen: Злые теперь такие
  9238 | D:8      | namelastname112: потолстели
  9360 | D:8      | Reached ** piety under Dithmenos
  9376 | D:8      | epen: так а хули
  9557 | D:8      | epen: Как тут не потолстеть, если ты в игру не заходишь
  9665 | D:8      | epen: Зажрались в своих шахтах
  9713 | D:9      | Reached skill level 10 in Stealth
  9720 | D:9      | Reached skill level 5 in Throwing
  9724 | D:9      | Noticed Maurice
 10199 | D:8      | Cast into level 1 of the Abyss (wight)
 10200 | Abyss:1  | namelastname112: ммм
 10200 | Abyss:1  | namelastname112: давно не было
 10220 | D:8      | Escaped the Abyss
 10506 | D:8      | epen: Сержант
 10793 | D:9      | Killed Maurice
 10794 | D:9      | Reached XP level 11. HP: 43/92 MP: 13/13
 11070 | D:9      | Reached skill level 1 in Shields
 11362 | D:9      | Found a staircase to the Orcish Mines.
 11404 | D:9      | Reached *** piety under Dithmenos
 11876 | D:10     | Entered Level 10 of the Dungeon
 11883 | D:10     | You fall into a shaft and drop 2 floors!
 11916 | D:12     | Noticed a boulder beetle
 11960 | D:11     | Found a gate leading to a gauntlet.
 11970 | Gauntlet | Entered a Gauntlet
 11970 | Gauntlet | Noticed a hell hog
 11970 | Gauntlet | Found a transporter.
 11970 | Gauntlet | Found a transporter.
 11970 | Gauntlet | Found a transporter.
 11971 | Gauntlet | Found a transporter.
 11974 | Gauntlet | Found a transporter.
 11976 | Gauntlet | Found the +8 Wrath of Trog {antimagic, *Rage Rampage}
 11988 | Gauntlet | Noticed a hell beast
 11991 | Gauntlet | Found a transporter.
 12021 | Gauntlet | Found a transporter.
 12032 | Gauntlet | Found a transporter.
 12049 | Gauntlet | Found a transporter.
 12057 | Gauntlet | Found a transporter.
 12074 | Gauntlet | Found a transporter.
 12132 | Gauntlet | Found a transporter.
 12609 | Gauntlet | Noticed a deep elf zephyrmancer
 12609 | Gauntlet | Noticed a deep elf pyromancer
 12610 | Gauntlet | Noticed a deep elf pyromancer
 12610 | Gauntlet | Noticed a deep elf zephyrmancer
 12624 | Gauntlet | Noticed a soul eater
 12630 | Gauntlet | Noticed a deep elf zephyrmancer
 13327 | Gauntlet | Noticed a minotaur
 13341 | Gauntlet | Killed a minotaur
 13347 | Gauntlet | namelastname112: и это блять все
 13491 | D:11     | Noticed a six-headed hydra
 13519 | D:11     | epen: Скитлс
 13521 | D:11     | Killed a six-headed hydra
 13633 | D:11     | epen: Зачем ты пытаешься тыкать в гидру кинжалом
 13633 | D:11     | epen: Типа
 13641 | D:11     | epen: ирл представь блять
 13647 | D:11     | epen: Как это будет работать вообще
 13811 | D:11     | namelastname112: и че
 13811 | D:11     | namelastname112: я блять гигантов через себу кидал
 13873 | D:11     | Noticed a two-headed ogre
 13874 | D:11     | Noticed Nergalle
 13877 | D:11     | Killed a two-headed ogre
 13879 | D:11     | Noticed a two-headed ogre
 13899 | D:10     | epen: Бля
 14033 | D:10     | epen: Комары
 15124 | D:10     | Killed a two-headed ogre
 15124 | D:10     | Reached **** piety under Dithmenos
 15599 | D:10     | Killed Nergalle
 15600 | D:10     | Reached XP level 12. HP: 96/103 MP: 15/15
 15853 | D:11     | namelastname112: а хули сука
 15853 | D:11     | namelastname112: он в инвиз уходит
 15853 | D:11     | namelastname112: и хало отрубается
 15853 | D:11     | namelastname112: могу я нахуй поинтересоваться
 15853 | D:11     | epen: почему нет
 15853 | D:11     | namelastname112: на меня притом светит блять
 15854 | D:11     | namelastname112: хули он сука вообще в инвизе
 15854 | D:11     | namelastname112: под хало
 15885 | D:11     | Reached skill level 5 in Invocations
 16203 | D:11     | Found a staircase to the Lair.
 16405 | D:11     | Gained mutation: You are frail. (-10% HP) [potion of
                  | mutation]
 16405 | D:11     | Gained mutation: You are strong-willed. (Will+) [potion of
                  | mutation]
 16405 | D:11     | Gained mutation: Your muscles are strong. (Str +2) [potion
                  | of mutation]
 16454 | D:12     | Noticed a four-headed hydra
 16460 | D:12     | Killed a four-headed hydra
 16461 | D:12     | Reached skill level 10 in Short Blades
 16461 | D:12     | Reached skill level 5 in Shields
 16786 | D:12     | Killed a boulder beetle
 16980 | D:12     | epen: по приколу воздух бьёшь
 17172 | D:12     | Noticed a boulder beetle
 17179 | D:12     | Killed a boulder beetle
 17180 | D:12     | Reached skill level 11 in Stealth
 17296 | D:12     | Found a runed translucent gate.
 17296 | D:12     | Identified the +8 chain mail of Semnareu {Contam Rampage
                  | Fly Dex-4}
 17297 | D:12     | Found a runed translucent gate.
 17298 | D:12     | Found a runed translucent gate.
 17299 | D:12     | Noticed Cupehed's ghost (journeyman DsFE)
 17509 | D:12     | epen: давай
 17515 | D:12     | epen: заходи
 17521 | D:12     | epen: Давай
 17529 | D:12     | epen: ооо
 17586 | D:12     | Killed Cupehed's ghost
 18203 | D:12     | epen: токсик
 18268 | D:12     | epen: Закидал дротиком
 18684 | D:13     | Noticed a centaur warrior
 18688 | D:13     | Killed a centaur warrior
 18700 | D:13     | Noticed a tengu warrior
 18726 | D:13     | Killed a tengu warrior
 18838 | D:13     | Noticed a centaur warrior
 18842 | D:13     | Killed a centaur warrior
 18851 | D:13     | Noticed a boulder beetle
 18852 | D:13     | Noticed a centaur warrior
 18857 | D:13     | Killed a boulder beetle
 18859 | D:13     | Killed a centaur warrior
 18890 | D:13     | Reached XP level 13. HP: 65/99 MP: 17/17
 18961 | D:13     | epen: жадина
 19743 | D:13     | Slain by a cyan ugly thing

Illustrated notes

Levels and vault maps discovered:
D:1:      tarquinn_simple_flora_water_b, layout_loops_corners,
          serial_park_tiny_1
D:2:      layout_rooms, st_stairs_2
D:3:      layout_basic, chequers_ecumenical_altar_twisty, uniq_jessica
D:4:      layout_loops_ring, serial_shops, shop, minmay_mini_jars
D:5:      layout_basic, lexackson_kobold_supper, uniq_crazy_yiuf_cottage
D:6:      minmay_bubble_buster, layout_loops_ring, makhleb_blood_cavern_becter,
          serial_shops, shop, uniq_pikel
D:7:      minmay_thinvault, layout_gridville, minmay_temple_entry_hall,
          gammafunk_ghost_cemetery, uniq_menkaure
D:8:      layout_loops_ring
D:9:      hellmonk_ruined_rings, layout_loops_ring, david_orc_2, uniq_maurice
D:10:     layout_rooms
D:11:     layout_cave_pools, grunt_lair_entry_orc_guard_hut,
          gauntlet_entry_generic, minivault_11, uniq_nergalle
D:12:     layout_roguey, biasface_ghost_orc_armoury
D:13:     minmay_the_grid_net [minmay_the_grid_outer_diamond,
          minmay_the_grid_paths, minmay_the_grid_medium_cups,
          minmay_the_grid_minigrid_medium, minmay_the_grid_outer_circle,
          minmay_the_grid_prize_inner_circle], layout_rooms, minivault_21,
          nemelex_spade_bored_becter
Temple:   roderic_octagonal_lattice_temple

Skill      XL: |  1  2  3  4  5  6  7  8  9 10 11 12 13 |
---------------+----------------------------------------+-----
Dodging        | 1 2 3 4 5 6 7 8 |  8.1
Stealth        | 4 5 6 7 8 10 11 | 11.5
Short Blades   | 3 4 5 6 8 9 10 | 10.8
Throwing       | 2 3 4 5 6 7 |  7.4
Fighting       | 3 4 5 6 7 8 9 |  9.7
Invocations    | 2 4 6 |  6.8
Shields        | 4 6 |  6.5
Evocations     | |  0.2

Action                   |  1- 3 |  4- 6 |  7- 9 | 10-12 | 13-15 || total
-------------------------+-------+-------+-------+-------+-------++-------
Melee: Dagger            |    85 |   127 |   251 |   920 |    68 ||  1451
       Tailslap          |     6 |    16 |    39 |   166 |     8 ||   235
       Punch             |     1 |       |     2 |    12 |       ||    15
Throw: Dart              |       |    10 |    14 |    53 |    35 ||   112
       Throwing net      |       |       |       |       |     1 ||     1
 Abil: Breathe Frost     |       |       |     8 |    27 |     4 ||    39
Evoke: Wand              |       |       |       |    16 |     1 ||    17
       Box of beasts     |       |       |       |     1 |       ||     1
  Use: Scroll            |       |    15 |     4 |    10 |       ||    29
       Potion            |       |       |       |     4 |     1 ||     5
 Stab: Sleeping          |    14 |    11 |    19 |    34 |       ||    78
       Distracted        |       |       |     1 |     3 |     1 ||     5
       Invisible         |       |       |       |     2 |       ||     2
       Paralysed         |       |       |       |     1 |       ||     1
Armor: Skin              |    14 |    25 |    55 |   185 |    11 ||   290
Dodge: Dodged            |    36 |    57 |   120 |   684 |    51 ||   948
Block: Buckler           |       |       |       |    82 |    13 ||    95

Table legend: (Time is in decaauts)
 A = Elapsed time spent in this place.
 B = Non-inter-level travel time spent in this place.
 C = Inter-level travel time spent in this place.
 D = Time resting spent in this place.
 E = Time spent auto-exploring this place.
 F = Levels seen in this place.
 G = Mean time per level.
                   A        B        C        D        E       F      G
               +--------+--------+--------+--------+--------+-----+--------+
         Total |  19183 |  18651 |    532 |   5365 |   9636 |  16 | 1198.9 |
       Dungeon |  17627 |  17136 |    491 |   4588 |   9358 |  13 | 1355.9 |
        Temple |    198 |    157 |     41 |      0 |    142 |   1 |  198.0 |
         Abyss |     20 |     20 |      0 |      0 |      0 |   1 |   20.0 |
      Gauntlet |   1337 |   1337 |      0 |    777 |    136 |   1 | 1337.0 |
               +--------+--------+--------+--------+--------+-----+--------+

Top non-repeatable levels by time:
     D:7: 1962 daAuts
    D:12: 1788 daAuts
    D:10: 1653 daAuts
    D:11: 1616 daAuts
     D:8: 1590 daAuts
     D:6: 1522 daAuts
Gauntlet: 1337 daAuts
     D:3: 1218 daAuts
     D:9: 1162 daAuts
    D:13: 1149 daAuts
     D:1: 1074 daAuts
     D:2: 1012 daAuts
     D:4: 955 daAuts
     D:5: 921 daAuts
  Temple: 198 daAuts
